 Dungeon Crawl Stone Soup version 0.21-a0-401-g0b6bec4 (webtiles) character file.

9 Hasart the Skirmisher (level 2, 29/29 HPs)
             Began as a Troll Fighter on Oct 21, 2017.
             Got out of the dungeon alive.
             The game lasted 00:00:58 (131 turns).

Hasart the Skirmisher (Troll Fighter)                Turns: 131, Time: 00:00:59

Health: 29/29      AC:  5    Str: 23    XL:     2   Next: 6%
Magic:  1/1        EV:  8    Int:  4    God:
Gold:   5          SH:  8    Dex:  9    Spells: 1/1 levels left

rFire    . . .     SeeInvis .   a - +0 flail
rCold    . . .     Gourm    +   c - +0 shield
rNeg     . . .     Faith    .   b - +0 robe
rPois    .         Spirit   .   (helmet restricted)
rElec    .         Reflect  .   (no cloak)
rCorr    .         Harm     .   (gloves unavailable)
MR       .....                  (boots unavailable)
Stlth    +.........             (no amulet)
HPRegen  0.49/turn              (no ring)
MPRegen  0.07/turn              (no ring)

@: no status effects
A: unfitting armour, claws 3, fast metabolism 3, gourmand, regeneration 1,
shaggy fur 1, tough skin 2
a: no special abilities


You escaped.
You were completely stuffed.

You visited 1 branch of the dungeon, and saw 1 of its levels.

You collected 5 gold pieces.

Inventory:

Hand Weapons
 a - a +0 flail (weapon)
Armour
 b - a +0 robe (worn)
 c - a +0 shield (worn)
Potions
 d - a potion of might
Comestibles
 f - 2 bread rations
 g - a chunk of flesh


   Skills:
 + Level 2.6 Fighting
 * Level 2.3 Maces & Flails
 - Level 2.4 Dodging
 - Level 2.4 Shields


You had one spell level left.
You didn't know any spells.

Dungeon Overview and Level Annotations

Branches:
Dungeon (1/15)

Altars:


Innate Abilities, Weirdness & Mutations

You are too large for most types of armour.
You have claws for hands.
Your metabolism is lightning-fast.
You like to eat raw meat.
Your natural rate of healing is unusually fast.
You are covered in fur. (AC +1)
You have very tough skin. (AC +2)


Message History

a club; a hobgoblin corpse You see here a whip.
You start resting.
HP restored.
You butcher the hobgoblin corpse.
g - 4 chunks of flesh You see here a club. x2
Eating one of 4 chunks of flesh.
You eat one of the 4 chunks of flesh.
This raw flesh tastes great.
Eating one of 3 chunks of flesh.
You eat one of the 3 chunks of flesh.
This raw flesh tastes great.
Eating one of 2 chunks of flesh.
You eat one of the 2 chunks of flesh.
This raw flesh tastes great.
You see here a whip.
Found a stone staircase leading down.
Found a scroll labeled HOBOLUGRYT.
You now have 5 gold pieces.
There is a staircase leading out of the dungeon here.
You can't go down here!
Are you sure you want to leave the Dungeon?
This will make you lose the game!
You have escaped!

#....#########........
##.....................
#......................
+..#..######...........
#..######...........
##........#......... #.
#.######.#.........
##.##.#....#.#.........
...#.#.#.@#.#.#.##.###
#..#.#.####.#.#.##.#
#..#.#......#.....>#
#..#.##########....####
#####..#.........##........
.........#######.#........#
######...#######...........
#....†..))............
#....†......##........


There were no monsters in sight!

Vanquished Creatures
  A hobgoblin (D:1)
  4 jackals (D:1)
  A ball python (D:1)
  3 rats (D:1)
9 creatures vanquished.

Notes
Turn   | Place    | Note
-------+----------+-------------------------------------------
     0 | D:1      | Hasart the Troll Fighter began the quest for the Orb.
     0 | D:1      | Reached XP level 1. HP: 22/22 MP: 0/0
    74 | D:1      | Reached XP level 2. HP: 17/29 MP: 1/1
   131 | D:$      | Got out of the dungeon alive.

Vault maps used:
D:1:      zelgadis_glass_arrival_small, palyth_stone_intersect

Skill      XL: |  1 |
---------------+----+-----
Maces & Flails | 2 |  2.3
Fighting       | |  2.6
Dodging        | |  2.4
Shields        | |  2.4

Action                   || total
-------------------------++-------
Melee: Flail             ||    29
  Eat: Chunk             ||     7
Armor: Robe              ||    25
Dodge: Dodged            ||    21
Block: Shield            ||    32

Table legend:
 A = Spawn XP
 B = Non-spawn XP
 C = Spawn XP percentage of total XP
 D = Spawn monster count
 E = Non-spawn monster count
 F = Spawn count percentage of total count
 G = Total turns spent on level
                    A         B        C        D         E        F      G
               +---------+---------+-------+---------+---------+-------+---------
         Total |       0 |      14 |   0.0 |       0 |       9 |   0.0 |   131
               +---------+---------+-------+---------+---------+-------+---------
           D:1 |       0 |      14 |   0.0 |       0 |       9 |   0.0 |   131
               +---------+---------+-------+---------+---------+-------+---------
